 Dungeon Crawl Stone Soup version 0.27-a0-686-gaed091b46b (webtiles) character file.

Game seed: 2317723246384721834

2194 Dreamer the Skirmisher (level 9, 0/72 HPs)
             Began as a Formicid Berserker on Mar 21, 2021.
             Was an Elder of Trog.
             Slain by an ogre
             ... wielding a +0 giant spiked club
              (11 damage)
             ... on level 5 of the Dungeon.
             The game lasted 00:25:38 (9208 turns).

Dreamer the Skirmisher (Formicid Berserker)         Turns: 9208, Time: 00:25:38

Health: 0/72       AC: 19    Str: 26    XL:     9   Next: 59%
Magic:  9/9        EV:  7    Int:  6    God:    Trog [****..]
Gold:   682        SH:  0    Dex: 10    Spells: 8/8 levels left

rFire    . . .     SeeInvis +   n - +0 flail
rCold    + . .     Faith    .   (no shield)
rNeg     . . .     Spirit   .   m - +0 plate armour
rPois    .         Reflect  .   (helmet unavailable)
rElec    .         Harm     .   C - +0 cloak
rCorr    .         Rampage  .   F - +0 pair of gloves
Will     ++...                  (no boots)
Stlth    ..........             (no amulet)
HPRegen  1.22/turn              g - ring of protection from cold
MPRegen  0.11/turn              c - +4 ring of protection

@: mighty, regenerating
A: permanent stasis, dig shafts and tunnels, antennae 3, four strong arms
a: Dig, Shaft Self, Renounce Religion, Trog's Hand, Brothers in Arms


You were on level 5 of the Dungeon.
You worshipped Trog.
Trog was greatly pleased with you.
You visited 1 branch of the dungeon, and saw 8 of its levels.
You also visited: Ossuary.

You collected 710 gold pieces.
You spent 28 gold pieces at shops.

Inventory:

Hand Weapons
 n - a +0 flail (weapon)
Armour
 h - a +0 tower shield
 m - a +0 plate armour (worn)
 C - a +0 cloak (worn)
 F - a +0 pair of gloves (worn)
Jewellery
 c - a +4 ring of protection (left hand)
 g - a ring of protection from cold (right hand)
 j - a ring of magical power
 E - a +6 ring of intelligence
Wands
 d - a wand of mindburst (15)
 B - a wand of iceblast (11)
Scrolls
 a - 3 scrolls of magic mapping {unknown}
 e - a scroll of silence {unknown}
 f - 5 scrolls of teleportation {unknown}
 i - 2 scrolls of blinking {unknown}
 k - 5 scrolls of fear {unknown}
 o - a scroll of enchant armour {unknown}
 s - 3 scrolls of enchant weapon {unknown}
 v - 2 scrolls of immolation {unknown}
 x - a scroll of summoning {unknown}
 y - a scroll of amnesia {unknown}
 D - a scroll of fog {unknown}
 H - a scroll of identify
Potions
 b - 3 potions of ambrosia
 l - 3 potions of mutation
 p - 2 potions of flight
 q - a potion of heal wounds
 r - a potion of brilliance
 t - a potion of haste {unknown}
 u - 3 potions of curing
 w - a potion of lignification
 z - a potion of degeneration {unknown}
 A - a potion of might


   Skills:
 + Level 7.4 Fighting
 + Level 6.8 Maces & Flails
 + Level 7.0 Armour
 - Level 1.7 Dodging
 + Level 6.9 Shields


You had 8 spell levels left.
You didn't know any spells.
Your spell library was empty.

Dungeon Overview and Level Annotations

Branches:
Dungeon (8/15)             Temple (0/1) D:4         Ossuary (visited)
   Lair: D:8-11

Altars:
Ashenzari
Cheibriados
Gozag
Nemelex Xobeh
Okawaru
Uskayaw

Shops:
D:5 *

Annotations:
D:5 1 transporter


Innate Abilities, Weirdness & Mutations

You cannot be hasted, slowed, berserked, paralysed or teleported.
You can dig through walls and to a lower floor.
You have a pair of large antennae on your head. (SInv)
Your four strong arms can wield two-handed weapons with a shield.


Message History

Majang's ghost hits you.
* * * LOW HITPOINT WARNING * * *
Majang's ghost hits you.
* * * LOW HITPOINT WARNING * * *
You feel much better.
Majang's ghost gestures at you while chanting.
You are frozen.
You hit Majang's ghost.
Majang's ghost is almost destroyed.
Majang's ghost completely misses you.
You hit Majang's ghost but do no damage.
Majang's ghost is almost destroyed.
Majang's ghost hits you but does no damage.
You miss Majang's ghost.
Majang's ghost is almost destroyed.
Majang's ghost shouts, "You will join me soon!"
Majang's ghost hits you but does no damage.
You bludgeon Majang's ghost!!
You destroy Majang's ghost!
Trog accepts your kill.
Trog appreciates your killing of a magic user.
Your plate armour prevents you from hitting the ogre.
The ogre is severely wounded.
The ogre barely misses you.
You sock the ogre!
You kill the ogre!
Trog accepts your kill.
Your Armour skill increases to level 7!
You thump the ogre!
The ogre is moderately wounded.
The ogre hits you with a +0 giant spiked club!
* * * LOW HITPOINT WARNING * * *
You thump the ogre!
The ogre is heavily wounded.
The ogre hits you with a +0 giant spiked club!
* * * LOW HITPOINT WARNING * * *
You sock the ogre!
The ogre is almost dead.
The ogre hits you with a +0 giant spiked club!
You die...

....# #####
###.#####...##
###..........######
..........©.©.....#
#.#..##################
.....#.....[$....#....#
##.#.#..##...##..####.#
#.#.#.#..#.#..#.# #.#
#.#.#.#.O#.#O.#@# #.#
#.#.#..##...##O.# #.#
##.#.#©(...©..$..# #.#
#.#..################.#
.###..................#
## ##.....#############
.###.####.# ..#..# #.#
.#.#.####.##


You could see an ogre.

Vanquished Creatures
  The ghost of Majang the Chiller, a novice DsIE of Cheibriados (D:5)
  A sky beast (D:5)
  3 orc warriors
  3 ogres
  A centaur (D:7)
  A phantom (D:4)
  A bullfrog (D:7)
  A scorpion (D:8)
  A howler monkey (D:4)
  A human zombie (D:5)
  A bullfrog zombie (D:6)
  2 jellies
  3 orc priests
  3 hounds
  A bullfrog skeleton (D:4)
  3 iguanas
  6 orc wizards
  5 worker ants
  8 mummies (Ossuary)
  A worker ant zombie (D:5)
  8 adders
  2 white imps
  2 ufetubi
  An ooze (D:6)
  An adder skeleton (D:7)
  An adder zombie (D:7)
  3 worms
  2 dart slugs
  3 leopard geckos
  28 orcs
  3 giant cockroaches
  7 goblins
  5 hobgoblins
  6 jackals
  4 kobolds
  3 quokkas
  2 ball pythons
  5 bats
  7 frilled lizards
  2 hobgoblin zombies (Ossuary)
  5 kobold zombies (Ossuary)
  A leopard gecko skeleton (D:6)
  An orc zombie (Ossuary)
  3 rats
152 creatures vanquished.

Vanquished Creatures (others)
  3 plants (D:8)
3 creatures vanquished.

Grand Total: 155 creatures vanquished

Notes
Turn   | Place    | Note
-------+----------+-------------------------------------------
     0 | D:1      | Dreamer the Formicid Berserker began the quest for the Orb.
     0 | D:1      | Reached XP level 1. HP: 18/18 MP: 1/1
   200 | D:1      | Found a broken altar of Ashenzari.
   459 | D:1      | Reached XP level 2. HP: 24/24 MP: 2/2
  1475 | D:2      | Reached XP level 3. HP: 30/30 MP: 3/3
  1770 | D:2      | Reached skill level 1 in Shields
  2512 | D:3      | Reached ** piety under Trog
  2513 | D:3      | Reached XP level 4. HP: 31/37 MP: 4/4
  2878 | D:3      | Reached XP level 5. HP: 38/42 MP: 5/5
  3500 | D:4      | Noticed a phantom
  3683 | D:4      | Reached XP level 6. HP: 17/49 MP: 6/6
  4482 | D:4      | Reached skill level 5 in Fighting
  4482 | D:4      | Reached XP level 7. HP: 46/56 MP: 7/7
  4567 | D:4      | Found a staircase to the Ecumenical Temple.
  4595 | D:4      | You fall into a shaft and drop 1 floor!
  4595 | D:5      | Entered Level 5 of the Dungeon
  4595 | D:5      | Found Roplimal's General Store.
  4768 | D:5      | Found a sand-covered staircase.
  4787 | Ossuary  | Entered an ossuary
  4823 | Ossuary  | Reached skill level 5 in Maces & Flails
  4917 | Ossuary  | Reached *** piety under Trog
  4922 | Ossuary  | Reached skill level 5 in Armour
  4925 | Ossuary  | Reached XP level 8. HP: 63/63 MP: 8/8
  5198 | D:5      | Noticed Majang's ghost (novice DsIE)
  5894 | D:5      | Bought a scroll of identify for 28 gold pieces
  6033 | D:5      | Found a transporter.
  6033 | D:5      | Found a transporter.
  6034 | D:5      | Identified the +8 great mace of Big Damage {vamp, rF+
                  | Dex+4}
  6122 | D:6      | Reached skill level 5 in Shields
  6775 | D:6      | Found a snail-covered altar of Cheibriados.
  7482 | D:7      | Found a hide-covered altar of Uskayaw.
  7553 | D:7      | Reached XP level 9. HP: 9/71 MP: 9/9
  7976 | D:7      | Reached **** piety under Trog
  8250 | D:7      | Found an opulent altar of Gozag.
  8368 | D:7      | Found an iron altar of Okawaru.
  8449 | D:8      | Found a sparkling altar of Nemelex Xobeh.
  8565 | D:8      | Identified the +10 falchion of Lomy {holy, +Inv}
  9203 | D:5      | Killed Majang's ghost
  9208 | D:5      | Slain by an ogre

Illustrated notes

Levels and vault maps discovered:
D:1:      nzn_arrival_depleted_hourglass, layout_loops_corners, serial_glass,
          glass_columns_b, glass_columns_b, glass_columns_a, glass_columns_c,
          nicolae_ashenzari_panopticon
D:2:      layout_basic
D:3:      layout_loops_ring, bh_walls_and_bars
D:4:      layout_gridville, minmay_temple_entry_drinking_statues,
          minmay_door_square, minmay_misc_feat_room
D:5:      layout_loops_ring, enter_ossuary_3, gammafunk_ghost_smash,
          serial_shops, shop
D:6:      layout_loops_ring, cheibriados_altar_2
D:7:      layout_loops_ring, kennysheep_mini_moat,
          eat_drink_and_be_merry_uskayaw, nicolae_gozag_seed_capital
D:8:      layout_rooms, overflow_temple_1_default, gammafunk_ghost_hydra_chop

Skill      XL: |  1  2  3  4  5  6  7  8  9 |
---------------+----------------------------+-----
Shields        | 1 2 3 4 5 6 |  6.9
Fighting       | 4 5 6 7 |  7.4
Armour         | 3 4 5 6 7 |  7.0
Maces & Flails | 4 5 6 |  6.8
Dodging        | |  1.7

Action                   |  1- 3 |  4- 6 |  7- 9 || total
-------------------------+-------+-------+-------++-------
Melee: Mace              |   101 |   157 |       ||   258
       Flail             |       |    57 |   360 ||   417
Invok: Trog's Hand       |       |     2 |     1 ||     3
 Abil: Dig               |       |     2 |     7 ||     9
  Use: Scroll            |       |       |     9 ||     9
       Potion            |       |       |     4 ||     4
Armor: Leather armour    |     9 |       |       ||     9
       Plate armour      |    40 |   149 |   191 ||   380
       Skin              |       |       |     5 ||     5
Dodge: Dodged            |    45 |    68 |    94 ||   207

Table legend: (Time is in decaauts)
 A = Elapsed time spent in this place.
 B = Non-inter-level travel time spent in this place.
 C = Inter-level travel time spent in this place.
 D = Time resting spent in this place.
 E = Time spent auto-exploring this place.
 F = Levels seen in this place.
 G = Mean time per level.
                   A        B        C        D        E       F      G
               +--------+--------+--------+--------+--------+-----+--------+
         Total |   9339 |   9131 |    208 |   1101 |   5915 |   9 | 1037.7 |
       Dungeon |   8944 |   8736 |    208 |   1049 |   5782 |   8 | 1118.0 |
       Ossuary |    394 |    394 |      0 |     52 |    133 |   1 |  394.0 |
               +--------+--------+--------+--------+--------+-----+--------+

Top non-repeatable levels by time:
     D:4: 1415 daAuts
     D:2: 1384 daAuts
     D:7: 1304 daAuts
     D:6: 1227 daAuts
     D:1: 1141 daAuts
     D:3: 1072 daAuts
     D:5: 824 daAuts
     D:8: 574 daAuts
 Ossuary: 394 daAuts
